 Dungeon Crawl Stone Soup version 0.13-a0-2496-g11650dd (console) character file.

15518 Chozo the Brawler (level 11, -2/109 HPs)
             Began as a Troll Chaos Knight on July 22, 2013.
             Was a Plaything of Xom.
             Slain by a blink frog (19 damage)
             ... on Level 3 of the Lair of Beasts.
             The game lasted 01:02:10 (10966 turns).

Chozo the Brawler (Troll Chaos Knight)             Turns: 10966, Time: 01:02:10

HP  -2/109       AC 10     Str 26      XL: 11   Next: 93%
MP   5/5         EV 10     Int  8      God: Xom
Gold 717         SH  0     Dex  9      Spells:  0 memorised, 10 levels left

Res.Fire  : . . .   See Invis. : .     - Unarmed
Res.Cold  : . . .   Warding    : .   q - +2 robe {MR+}
Life Prot.: . . .   Conserve   : +   (shield restricted)
Res.Poison: +       Res.Corr.  : .   (helmet restricted)
Res.Elec. : .       Clarity    : .   D - +2 cloak
Sust.Abil.: . .     Spirit.Shd : .   (gloves unavailable)
Res.Mut.  : .       Stasis     : .   (boots unavailable)
Res.Rott. : .       Flight     : .   g - amulet of conservation
Gourmand  : +                        O - ring of protection from magic
                                     H - ring of poison resistance

@: very resistant to hostile enchantments, unstealthy
A: unfitting armour, claws 3, fast metabolism 3, gourmand, regeneration 2,
saprovore 2, spit poison 2, tough skin 2, AC +1, Str +1
a: Spit Poison, Renounce Religion


You were on level 3 of the Lair of Beasts.
You worshipped Xom.
You were a special plaything of Xom.
You were very full.

You visited 3 branches of the dungeon, and saw 14 of its levels.

You collected 697 gold pieces.

Inventory:

Hand weapons
 J - the cursed +0,-1 sling of Nesatast {velocity, rElec rPois rF+ rC+}
   (You found it on level 3 of the Lair of Beasts)

   Any stone fired from it inflicts extra damage.
   It protects you from fire.
   It protects you from cold.
   It insulates you from electricity.
   It protects you from poison.
   It has a curse placed upon it.
Armour
 q - a +2 robe of magic resistance (worn)
 D - a +2 cloak (worn)
 R - a +2 robe of fire resistance
Magical devices
 b - a wand of disintegration (9)
 t - a wand of teleportation (4) {unknown}
 u - a wand of cold (15)
 y - a wand of draining (7)
 C - a wand of draining (5)
 E - a wand of flame (12) {unknown}
 Y - a wand of cold (9)
Comestibles
 a - 10 meat rations
 d - a pear
 o - 5 bread rations
 S - a chunk of green rat flesh
Scrolls
 i - a scroll of magic mapping
 k - 5 scrolls of teleportation
 p - 3 scrolls of blinking
 r - 6 scrolls of recharging
 s - 6 scrolls of remove curse
 F - 3 scrolls of fog
 I - 5 scrolls of identify
 K - 3 scrolls of enchant weapon II
 P - 2 scrolls of fear
Jewellery
 f - an uncursed ring of teleportation
 g - an amulet of conservation (around neck)
 n - a +3 ring of strength
 w - an uncursed amulet of the gourmand
 x - an uncursed ring of sustain abilities
 B - an uncursed ring of see invisible
 H - a ring of poison resistance (left claw)
 O - a ring of protection from magic (right claw)
 U - an uncursed ring of protection from fire
Potions
 c - 2 potions of flight {unknown}
 e - 6 potions of restore abilities
 h - 8 potions of curing
 j - 5 potions of heal wounds {unknown}
 m - a potion of mutation
 v - a potion of resistance
 z - 3 potions of might {unknown}
 A - a potion of invisibility {unknown}
 G - 3 potions of agility {unknown}
 L - a potion of degeneration {unknown}
 T - a potion of paralysis {unknown}
 X - a potion of confusion {unknown}
Books
 l - the Reference Book on Enhancements and Enchantment
   (You found it on level 2 of the Lair of Beasts)

   Spells                             Type                      Level
   Infusion                           Charms                       1
   Ensorcelled Hibernation            Hexes/Ice                    2
   Control Teleport                   Charms/Translocation         4
   Haste                              Charms                       6
   Darkness                           Hexes                        7


   Skills:
 + Level 9.8 Fighting
 + Level 1.0 Armour
 - Level 3.0 Dodging
 + Level 15.0 Unarmed Combat
 - Level 1.0 Evocations


You had 10 spell levels left.
You didn't know any spells.

Dungeon Overview and Level Annotations

Branches:
Dungeon (10/27)               Orc (1/4) D:6            Lair (3/8) D:10
 Temple: D:4-7        Swamp: Lair:3-6    Shoals: Lair:3-6     Snake: Lair:3-6
 Spider: Lair:3-6

Altars:
Ashenzari
Cheibriados
Fedhas
Makhleb
Nemelex Xobeh
Sif Muna
Vehumet
Xom
Zin
the Shining One


Innate Abilities, Weirdness & Mutations

You are too large for most types of armour.
You have claws for hands.
Your metabolism is lightning-fast.
You like to eat raw meat.
You heal very quickly.
You can eat rotten meat.
You are covered in fur (AC +1).
You have very tough skin (AC +2).
You are agile (Dex +1).
You can spit moderately strong poison.
Your muscles are strong, but stiff (Str +1, Dex -1).


Message History

You completely miss the yak. You claw the yak!!
The yak is heavily wounded.
The yak gores you but does no damage.
You mangle the yak!!
The yak begins to bleed from its wounds!
The yak is almost dead.
The yak gores you.
* * * LOW HITPOINT WARNING * * *
You feel yourself speed up. The blink frog hits you.
* * * LOW HITPOINT WARNING * * *
The yak gores you!
* * * LOW HITPOINT WARNING * * *
Drink which item? (? for menu, Esc to quit)
You feel better.
The yak is no longer bleeding.
The blink frog hits you but does no damage.
The yak gores you.
* * * LOW HITPOINT WARNING * * *
The blink frog hits you!
You die...

*** *##f##### ##.......##
#########
###..,,,##.Y#########.##..##.
**##..#.,**#..#@..#..#.P........
*,=.....####>.F.%.........#..f.#
**#..P..........####.f##......#.#
*,..........##.## #######.......
*,#.#....#%##..##*#***,**#.#...##
,,,..#..##%##f..#.#.#..,*#.......
,,,,f.#................,,..##.###
*,*.......#.#..#.##..##,.#..### #
*,*.#.#..Yf.$#.#.#*,,#***..#*


You could see a yak and a blink frog.

Vanquished Creatures
  A hill giant (D:9)
  Joseph (D:10)
  Maurice (D:10)
  3 spiny frogs
  A komodo dragon (Lair:1)
  5 blink frogs
  A hydra skeleton (D:10)
  A wyvern (D:10)
  2 hill giant zombies
  A deep elf fighter (D:10)
  11 yaks
  5 hungry ghosts
  A steam dragon (D:9)
  4 hippogriffs
  A spatial vortex (D:4)
  3 necrophages
  A small abomination (D:8)
  6 orc warriors
  2 porcupines
  2 sky beasts
  A swamp drake (D:5)
  A phantom (D:9)
  A black bear (D:8)
  7 ogres
  4 centaurs
  6 ice beasts
  Sigmund (D:2)
  4 crocodiles
  A water moccasin (Lair:1)
  A giant slug (Lair:2)
  6 giant frogs
  A big kobold (D:8)
  4 agate snails
  A yak zombie (D:9)
  11 killer bees
  2 quasits (D:9)
  3 wights (D:8)
  A troll skeleton (D:10)
  2 goliath beetles
  6 crimson imps
  A centaur zombie (D:8)
  11 orc wizards
  A scorpion (D:10)
  9 orc priests
  8 hounds
  An iron imp (D:2)
  7 worker ants
  8 iguanas
  6 ogre zombies (D:6)
  A mottled dragon zombie (D:10)
  A sky beast zombie (D:7)
  A big kobold skeleton (D:10)
  6 jellies
  Terence (D:2)
  36 green rats
  19 adders
  4 gnolls (D:2)
  3 giant centipedes
  A worm zombie (D:5)
  A mottled dragon simulacrum (D:10)
  A white imp (D:2)
  3 giant mites
  8 worms
  An adder skeleton (D:6)
  5 giant eyeballs
  7 giant geckos
  2 oozes
  41 orcs
  A ball python (D:6)
  A giant cockroach (D:3)
  13 goblins
  13 hobgoblins
  12 kobolds
  6 quokkas
  17 bats
  5 giant newts
  A goblin skeleton (D:6)
  6 goblin zombies (D:6)
  2 hobgoblin skeletons (D:6)
  4 hobgoblin zombies (D:6)
  11 jackals
  2 orc skeletons (D:6)
  10 orc zombies (D:6)
  A quokka skeleton (D:4)
  37 rats
  A rat zombie (D:8)
  A fungus (D:10)
455 creatures vanquished.

Vanquished Creatures (collateral kills)
  Josephine (D:10)
  An orc warrior (D:6)
  An ice beast (D:6)
  A crimson imp (D:6)
  2 orcs (D:6)
  A giant newt (Lair:1)
  2 fungi
9 creatures vanquished.

Vanquished Creatures (others)
  A dancing weapon (D:10)
  A necrophage (D:5)
  A centaur (D:6)
  A water moccasin (D:6)
  A quasit (D:5)
  A white imp (D:9)
  A giant gecko (D:6)
  3 orcs (D:6)
  A hobgoblin (D:6)
  A quokka (D:6)
  A bat (D:6)
13 creatures vanquished.

Grand Total: 477 creatures vanquished

Notes
Turn   | Place    | Note
--------------------------------------------------------------
     0 | D:1      | Chozo, the Troll Chaos Knight, began the quest for the Orb.
     0 | D:1      | Reached XP level 1. HP: 20/20 MP: 1/1
   185 | D:1      | Reached XP level 2. HP: 26/28 MP: 1/1
   763 | D:2      | XOM: harmless Tloc miscast
   890 | D:2      | Reached XP level 3. HP: 27/36 MP: 2/2
   894 | D:2      | Found a snail-covered altar of Cheibriados.
   950 | D:2      | XOM is BORED!
   950 | D:2      | XOM: medium Necr miscast
   976 | D:2      | Found a sparkling altar of Nemelex Xobeh.
   976 | D:2      | Found a blossoming altar of Fedhas.
  1021 | D:2      | Found a glowing silver altar of Zin.
  1090 | D:2      | Noticed Sigmund
  1101 | D:2      | XOM: cast spell 'Dispersal'
  1118 | D:2      | Killed Sigmund
  1118 | D:2      | Reached skill level 4 in Unarmed Combat
  1118 | D:2      | Reached XP level 4. HP: 35/44 MP: 2/2
  1134 | D:2      | Noticed Terence
  1138 | D:2      | Killed Terence
  1138 | D:2      | Reached XP level 5. HP: 52/52 MP: 2/2
  1172 | D:2      | XOM: mild Chrm miscast
  1335 | D:2      | XOM: summons 2 hostile demons
  1529 | D:3      | XOM: blink monster(s)
  1604 | D:3      | HP: 1/52 [poisoned by a kobold (curare-tipped needle)]
  1816 | D:3      | XOM: mild Pois miscast
  2411 | D:3      | Reached skill level 1 in Armour
  2417 | D:4      | Noticed an ogre
  2425 | D:4      | Killed an ogre
  2425 | D:4      | Reached XP level 6. HP: 34/59 MP: 3/3
  2567 | D:4      | XOM: mild Summ miscast
  2568 | D:4      | Noticed a spatial vortex
  2590 | D:4      | Killed a spatial vortex
  2618 | D:4      | Reached skill level 5 in Unarmed Combat
  2661 | D:4      | Paralysed by a giant eyeball for 2 turns
  2755 | D:4      | XOM: medium Erth miscast
  2830 | D:4      | XOM: divination: magic mapping
  2951 | D:4      | Found a shattered altar of Ashenzari.
  3012 | D:4      | XOM: mild Necr miscast
  3019 | D:5      | Entered Level 5 of the Dungeon
  3021 | D:5      | XOM: polymorph scorpion -> swamp drake
  3086 | D:5      | XOM: 9-stop teleportation journey
  3106 | D:5      | XOM: 2-stop teleportation journey
  3213 | D:5      | Reached XP level 7. HP: 65/67 MP: 3/3
  3215 | D:5      | XOM: give mutations
  3215 | D:5      | Gained mutation: You can spit poison. [Xom's grace]
  3215 | D:5      | Gained mutation: Your muscles are strong, but stiff (Str +1, Dex -1). [Xom's grace]
  3223 | D:5      | XOM: scenery: 4 doors open, 1 doors close
  3290 | D:5      | Reached skill level 6 in Unarmed Combat
  3534 | D:5      | XOM: 4-stop teleportation journey
  3551 | D:5      | XOM: give mutations
  3551 | D:5      | Gained mutation: Your muscles are very strong, but stiff (Str +2, Dex -2). [Xom's grace]
  3551 | D:5      | Gained mutation: You have supernaturally acute eyesight. [Xom's grace]
  3563 | D:5      | XOM: 2-stop teleportation journey
  3682 | D:5      | XOM: divine lightning
  3731 | D:5      | XOM: summons 2 friendly demons
  3748 | D:5      | XOM: summons 2 friendly demons
  3965 | D:5      | XOM: god gift: cloak {god gift}
  4061 | D:6      | XOM: summons friendly quasit
  4071 | D:6      | Reached skill level 7 in Unarmed Combat
  4117 | D:6      | XOM: silly message
  4167 | D:6      | XOM: 5-stop teleportation journey
  4225 | D:6      | Reached skill level 5 in Fighting
  4243 | D:6      | Reached XP level 8. HP: 66/78 MP: 3/3
  4245 | D:6      | Found a shimmering altar of Xom.
  4310 | D:6      | Found a staircase to the Orcish Mines.
  4318 | D:6      | XOM: noise
  4336 | D:6      | Reached skill level 8 in Unarmed Combat
  4339 | D:6      | XOM: enchant monster (bad)
  4470 | D:6      | XOM: enchant monster (good)
  4539 | D:6      | Reached skill level 9 in Unarmed Combat
  4613 | D:6      | XOM: vitrification
  4630 | D:6      | XOM: confusion
  4709 | D:6      | XOM: scenery: 1 doors open, 1 doors close
  4715 | D:6      | Reached XP level 9. HP: 85/85 MP: 4/4
  4776 | Orc:1    | Entered Level 1 of the Orcish Mines
  4958 | D:7      | Found a radiant altar of Vehumet.
  5096 | D:7      | XOM: silly message
  5163 | D:7      | XOM: medium Necr miscast
  5193 | D:7      | Reached skill level 10 in Unarmed Combat
  5240 | D:7      | Found a snail-covered altar of Cheibriados.
  5332 | D:7      | XOM: polymorph hobgoblin -> ooze
  5411 | D:7      | Found a glowing golden altar of the Shining One.
  5531 | D:7      | Found a burning altar of Makhleb.
  5534 | D:7      | Paralysed by a giant eyeball for 2 turns
  5766 | D:8      | XOM: harmless Pois miscast
  5827 | D:8      | XOM: harmless Ice miscast
  5898 | D:8      | Paralysed by a giant eyeball for 4 turns
  5905 | D:8      | Paralysed by a giant eyeball for 4 turns
  5906 | D:8      | XOM: potion effect (curing)
  5910 | D:8      | Reached skill level 11 in Unarmed Combat
  6041 | D:8      | Paralysed by a giant eyeball for 3 turns
  6050 | D:8      | Paralysed by a giant eyeball for 4 turns
  6120 | D:8      | XOM: medium Necr miscast
  6123 | D:8      | Reached XP level 10. HP: 48/97 MP: 4/4
  6553 | D:8      | XOM: harmless Trmt miscast
  6832 | D:8      | XOM: severe Summ miscast
  6925 | D:9      | Reached skill level 12 in Unarmed Combat
  7100 | D:9      | Found a deep blue altar of Sif Muna.
  7165 | D:9      | Found a deep blue altar of Sif Muna.
  7179 | D:9      | Paralysed by a giant eyeball for 3 turns
  7379 | D:9      | Noticed a hill giant
  7398 | D:9      | Killed a hill giant
  7452 | D:9      | XOM: medium Ice miscast
  7664 | D:9      | Reached skill level 13 in Unarmed Combat
  7684 | D:9      | XOM: summons friendly white imp
  7987 | D:10     | Entered Level 10 of the Dungeon
  7987 | D:10     | Noticed Maurice
  7992 | D:10     | XOM: noise
  7994 | D:10     | Killed Maurice
  7994 | D:10     | Reached XP level 11. HP: 101/107 MP: 4/5
  8255 | D:10     | XOM: harmless Hex miscast
  8278 | D:10     | Found a staircase to the Lair.
  8311 | D:10     | XOM: noise
  8358 | D:10     | Noticed Josephine
  8360 | D:10     | XOM: stat loss: -1 Str (29/30)
  8364 | D:10     | XOM: swap monsters
  8365 | D:10     | XOM: cast spell 'Confusing Touch'
  8370 | D:10     | XOM: 1-stop teleportation journey
  8372 | D:10     | XOM: summons 2 friendly demons
  8624 | D:10     | Noticed Joseph
  8633 | D:10     | Killed Joseph
  8728 | D:10     | Killed Josephine
  8832 | D:10     | XOM: enchant monster (bad)
  8836 | D:10     | XOM: silly message
  8964 | D:10     | XOM: enchant monster (bad)
  9068 | Lair:1   | Entered Level 1 of the Lair of Beasts
  9088 | Lair:1   | Reached skill level 14 in Unarmed Combat
  9106 | Lair:1   | XOM: 1-stop teleportation journey
  9118 | Lair:1   | XOM: enchant monster (good)
  9183 | Lair:1   | XOM: polymorph hound -> worker ant
  9253 | Lair:1   | XOM: 6-stop teleportation journey
  9491 | Lair:1   | XOM: scenery: create altars
  9694 | Lair:1   | XOM: divination: detect creatures
  9773 | Lair:2   | Identified the Reference Book on Enhancements and Enchantment
 10413 | Lair:2   | XOM: enchant monster (good)
 10439 | Lair:2   | XOM: give mutations
 10439 | Lair:2   | Gained mutation: You are agile (Dex +1). [Xom's mischief]
 10439 | Lair:2   | Lost mutation: You have supernaturally acute eyesight. [Xom's mischief]
 10439 | Lair:2   | Lost mutation: Your muscles are very strong, but stiff (Str +2, Dex -2). [Xom's mischief]
 10439 | Lair:2   | Gained mutation: You can spit moderately strong poison. [Xom's mischief]
 10518 | Lair:2   | XOM: confusion
 10526 | Lair:2   | XOM: enchant monster (good)
 10560 | Lair:2   | Reached skill level 1 in Evocations
 10820 | Lair:3   | XOM: harmless Hex miscast
 10840 | Lair:3   | Got a polished sling
 10843 | Lair:3   | Identified the cursed +0,-1 sling of Nesatast {velocity, rElec rPois rF+ rC+} (You found it on level 3 of the Lair of Beasts)
 10907 | Lair:3   | XOM: blink monster(s)
 10915 | Lair:3   | Reached skill level 15 in Unarmed Combat
 10916 | Lair:3   | XOM: confuse monster(s)
 10931 | Lair:3   | XOM: repel stairs
 10936 | Lair:3   | XOM: confusion (+ monsters)
 10954 | Lair:3   | XOM: medium Hex miscast
 10966 | Lair:3   | Slain by a blink frog

Action                   |  1- 3 |  4- 6 |  7- 9 | 10-12 || total
-------------------------+-------+-------+-------+-------++-------
Melee: Unarmed           |   101 |   159 |   440 |   652 ||  1352
Evoke: Wand              |       |       |     1 |     3 ||     4
  Use: Scroll            |     7 |     1 |     2 |    19 ||    29
       Potion            |       |     2 |       |     2 ||     4
 Stab: Sleeping          |       |     1 |     1 |       ||     2
       Confused          |       |       |       |     1 ||     1
